 Dungeon Crawl Stone Soup version 0.28.0 (webtiles) character file.

Game seed: 12510792892656484533

23 zeram the Ducker (level 2, -1/16 HPs)
             Began as a Spriggan Fighter on Feb 18, 2022.
             Slain by a gnoll (7 damage)
             ... on level 1 of the Dungeon.
             The game lasted 00:01:38 (939 turns).

zeram the Ducker (Spriggan Fighter)                  Turns: 939, Time: 00:01:38

Health: -1/16      AC:  2    Str: 18    XL:     2   Next: 72%
Magic:  3/3        EV: 17    Int:  9    God:
Gold:   48         SH:  6    Dex: 14    Spells: 1/1 levels left

rFire   . . .      SeeInvis +   h - +3 short sword
rCold   . . .      Faith    .   c - +0 buckler
rNeg    . . .      Spirit   .   b - +0 robe
rPois   .          Reflect  .   (helmet restricted)
rElec   .          Harm     .   (no cloak)
rCorr   .          Rampage  .   (gloves unavailable)
Will    .....                   (boots unavailable)
Stlth   +.........              (no amulet)
HPRegen 0.05/turn               i - +6 ring of strength
MPRegen 0.08/turn               (no ring)

@: very quick
A: very small, no large weapons, unfitting armour, see invisible, speed 3
a: no special abilities


You were on level 1 of the Dungeon.
You visited 1 branch of the dungeon, and saw 2 of its levels.

You collected 48 gold pieces.

Inventory:

Hand Weapons
 a - a +0 rapier
 h - a +3 short sword (weapon)
Armour
 b - a +0 robe (worn)
 c - a +0 buckler (worn)
Jewellery
 i - a +6 ring of strength (left hand)
Potions
 d - a potion of might
 e - a potion of brilliance {unknown}
 k - a potion of lignification {unknown}


   Skills:
 - Level 2.4 Fighting
 - Level 2.1 Short Blades
 + Level 4.7 Dodging
 + Level 2.6 Shields


You had one spell level left.
You didn't know any spells.
Your spell library contained the following spells:

 Spells                   Type           Power      Damage    Failure   Level
 Ensorcelled Hibernation  Hex/Ice        0%         N/A       77%         2
 Ignite Poison            Fire/Tmut/Pois 0%         N/A       94%         3
 Mephitic Cloud           Conj/Pois/Air  0%         N/A       94%         3
 Spider Form              Tmut/Pois      0%         N/A       94%         3
 Anguish                  Hex/Necr       0%         N/A       100%        4
 Freezing Cloud           Conj/Ice/Air   0%         6-21      100%        5


Dungeon Overview and Level Annotations

Branches:
Dungeon (2/15)

Altars:


Innate Abilities, Weirdness & Mutations

You are very small and have problems with some larger weapons.
You are too small for most types of armour.
You have supernaturally acute eyesight. (SInv)
You cover ground extremely quickly. (Speed+++)


Message History

The giant cockroach bites you. The gnoll hits you with a +0 whip.
The quokka barely misses you. The rat bites you.
You block the giant cockroach's attack.
There is a stone staircase leading up, spattered with blood here.
The endoplasm quivers.
The quokka barely misses you. The gnoll closely misses you.
The giant cockroach misses you. The rat misses you.
You block the gnoll's attack.
The gnoll hits you from afar with a +0 spear.
You climb upwards.
There is a stone staircase leading down here.
The quokka completely misses you. The gnoll barely misses you.
You hit the giant cockroach but do no damage.
The giant cockroach barely misses you. You block the giant cockroach's attack.
You hit the giant cockroach but do no damage.
The giant cockroach bites you.
You hit the giant cockroach.
The giant cockroach is moderately wounded.
You block the giant cockroach's attack.
You hit the giant cockroach but do no damage.
The giant cockroach is moderately wounded.
You block the giant cockroach's attack.
You closely miss the giant cockroach.
The giant cockroach is moderately wounded.
The giant cockroach closely misses you. You block the giant cockroach's attack.
You puncture the giant cockroach!
You kill the giant cockroach!
You hit the gnoll.
The gnoll is moderately wounded.
The gnoll barely misses you. The gnoll hits you with a +0 whip.
You hit the gnoll.
The gnoll is heavily wounded.
The gnoll closely misses you.
You barely miss the gnoll.
The gnoll is heavily wounded.
You block the gnoll's attack.
You hit the gnoll.
The gnoll is heavily wounded.
The gnoll hits you with a +0 whip!
You die...

#....... ########## #.######
#........##### #.#....#
#............# #.#.##.#
#............############.#.##..
######...>.r.'..........#.#.####
#..†....#####.####.#...#
#......r###......#.##÷.####
#......grg@................
#....(..######.#.#####.####
#.......# #.#.# #.....
#.......######...# #.....
#................# #.....
####+##.........## #.####
#.##.........######.#
#..'................#
###########.........#####.#####


You could see 2 gnolls, a quokka and a rat.

Vanquished Creatures
  A dart slug (D:1)
  An endoplasm (D:1)
  2 giant cockroaches (D:1)
  3 goblins (D:1)
  2 hobgoblins (D:1)
  3 ball pythons (D:1)
  A bat (D:1)
  A frilled lizard (D:1)
  3 kobolds (D:1)
  5 rats (D:1)
22 creatures vanquished.

Notes
Turn   | Place    | Note
-------+----------+-------------------------------------------
     0 | D:1      | zeram the Spriggan Fighter began the quest for the Orb.
     0 | D:1      | Reached XP level 1. HP: 11/11 MP: 2/2
   310 | D:1      | Reached XP level 2. HP: 16/16 MP: 3/3
   939 | D:1      | Slain by a gnoll

Illustrated notes

Levels and vault maps discovered:
D:1:      dpeg_arrival_castle, layout_basic
D:2:      cheibrodos_fertilizer, layout_basic

Action                   || total
-------------------------++-------
Melee: Rapier            ||    36
       Short sword       ||    20
  Use: Scroll            ||     3
 Stab: Sleeping          ||     1
Armor: Robe              ||     3
Dodge: Dodged            ||    37
Block: Buckler           ||    18
